Map: Lost and Found LE

Players

Guillemot - Winner!

  • Race: Protoss Protoss
  • League: Master
  • Spawn Location: 1:00

Isszul

  • Race: Zerg Zerg
  • Spawn Location: 7:00

VOD

Have the link to the VOD?

Description

Time

  • Played on: May 25, 2018, 10:52 a.m.
  • Length: 19:53
Show
View Real Time Build Order
Export as new Build Order

Guillemot Protoss - Winner!

Build Orders: 1 Gate Expand, Oracle Opening, Zealot Archon 

Get SALT Encoding   

  12  0:00  Probe  
  13  0:14  Probe  
  14  0:20  Pylon  
  14  0:26  Probe  
  15  0:36  Probe  
  16  0:44  Probe  
  16  0:45  Gateway  
  17  0:53  Assimilator, Probe  
  18  1:07  Probe  
  19  1:24  Nexus  
  18  1:39  Cybernetics Core  
  18  1:42  Probe  
  18  1:46  Assimilator  
  19  1:54  Probe  
  19  1:56  Pylon  
  20  2:06  Probe  
  21  2:15  Adept  
  23  2:18  Probe  
  24  2:31  Probe  
  24  2:35  Stargate  
  25  2:38  Probe  
  25  2:39  Stalker  
  25  2:44  Probe  
  27  2:50  Probe  
  30  2:51  Assimilator  
  30  2:54  Assimilator, Warp Gate  
  30  2:56  Probe  
  31  3:02  Probe  
  32  3:08  Probe  
  33  3:13  Oracle  
  33  3:15  Probe  
  37  3:28  Probe  
  36  3:34  Adept  
  36  3:38  Probe  
  36  3:40  Probe  
  40  3:43  Pylon  
  40  3:48  Gateway  
  40  3:49  Probe  
  40  3:50  Probe  
  42  3:57  Probe  
  42  3:58  Probe  
  42  3:59  Twilight Council  
  43  4:05  Probe  
  43  4:07  Probe  
  43  4:08  Shield Battery  
  46  4:21  Robotics Facility  
  46  4:28  Gateway  
  46  4:29  Gateway  
  46  4:39  Probe x2  
  46  4:43  Gateway  
  48  4:51  Probe x2  
  50  4:56  Phoenix  
  50  4:58  Warp Prism  
  50  4:59  Charge  
  49  5:03  Probe x2  
  51  5:09  Templar Archives  
  53  5:20  Pylon  
  53  5:27  Observer  
  54  5:38  Oracle  
  57  5:47  Pylon  
  57  5:49  Pylon  
  57  5:55  Nexus  
  57  5:57  Pylon  
  57  6:00  Pylon  
  57  6:01  High Templar x2  
  61  6:07  High Templar x2, Pylon  
  61  6:08  Archon  
  61  6:10  Probe x2  
  67  6:12  Immortal  
  67  6:13  Archon  
  71  6:43  Immortal  
  71  6:44  Zealot x5  
  71  6:46  Probe  
  82  6:47  Probe  
  82  6:50  Psionic Storm  
  87  6:58  Probe  
  68  7:10  Immortal  
  68  7:11  High Templar x2  
  72  7:19  Archon  
  72  7:21  High Templar x2  
  80  7:26  Gateway  
  80  7:29  Gateway  
  80  7:30  Gateway  
  80  7:31  Archon  
  80  7:32  Zealot  
  82  7:39  Warp Prism  
  82  7:44  Assimilator  
  82  7:48  Assimilator, Pylon  
  82  7:49  Probe  
  82  7:50  Shield Battery, Probe x2  
  87  7:53  Shield Battery  
  87  7:54  High Templar x2  
  91  7:59  High Templar  
  91  8:01  Probe  
  91  8:02  Probe  
  95  8:11  Probe  
  96  8:13  Immortal, Pylon, Probe  
  96  8:16  Shield Battery  
  101  8:28  High Templar x2  
  101  8:30  Zealot x2  
  109  8:42  Stargate  
  109  8:44  Immortal  
  109  8:45  Probe x3  
  112  8:49  Zealot  
  118  8:57  High Templar, Probe  
  118  9:01  Zealot x2  
  125  9:03  Zealot x4  
  133  9:11  Pylon  
  133  9:12  Pylon  
  133  9:15  Pylon  
  133  9:16  Pylon  
  133  9:20  Fleet Beacon  
  133  9:25  Void Ray x2  
  139  9:32  High Templar  
  139  9:34  Warp Prism  
  143  9:42  Zealot x2  
  143  9:43  Zealot  
  149  9:55  Nexus  
  146  10:00  Carrier  
  146  10:06  Carrier  
  144  10:11  Observer  
  133  10:46  Zealot  
  133  10:47  Zealot x7  
  143  11:04  Archon x2  
  125  11:14  Void Ray, Stargate  
  125  11:16  Stargate  
  119  11:22  Void Ray  
  119  11:25  Mothership  
  109  11:41  Probe, Pylon x2  
  109  11:44  Pylon  
  118  11:52  High Templar x2  
  118  11:53  Zealot  
  124  11:56  Archon  
  124  12:00  Sentry  
  126  12:07  Stalker x3  
  126  12:08  Stalker  
  122  12:22  Void Ray x3  
  104  12:23  Void Ray  
  103  12:37  Zealot  
  103  12:38  Zealot x3  
  87  13:00  Void Ray x4  
  74  13:43  Zealot  
  74  13:44  Zealot x2  
  74  13:45  Zealot  
  80  13:54  Void Ray  
  76  14:13  Void Ray  
  80  14:45  Probe  
  80  14:51  Forge  
  81  14:53  Probe  
  82  15:03  Probe  
  82  15:05  Void Ray  
  77  15:15  Probe  
  60  15:33  Zealot  
  60  15:34  Zealot  
  60  15:35  Probe  
  61  15:37  Probe  
  61  15:41  Photon Cannon  
  63  15:43  Probe  
  63  15:45  Assimilator, Photon Cannon  
  63  15:48  Probe  
  65  15:53  Probe  
  65  15:56  Probe  
  67  16:04  Probe  
  68  16:20  Zealot x2  
  68  16:24  Observer  
  72  16:32  Probe  
  73  16:39  Observer  
  70  16:42  Probe  
  71  16:50  Probe  
  71  16:52  Probe  
  72  16:56  Assimilator  
  72  16:58  Probe  
  74  17:10  Probe  
  72  17:22  Probe  
  72  17:34  Probe  
  69  17:40  Zealot x2  
  73  17:47  Fleet Beacon, Probe  
  74  17:53  Gateway  
  74  17:57  Pylon  
  74  18:03  Probe  
  74  18:04  Nexus  
  75  18:16  Probe  
  74  18:40  Zealot x3  
  78  18:44  Void Ray x3  
  84  19:03  Zealot  
  84  19:04  Zealot  
  88  19:27  Zealot x2  
  94  19:49  Pylon  
  94  19:51  Pylon  
Show
View Real Time Build Order
Export as new Build Order

Isszul Zerg 

Build Orders: Hatch First 

Get SALT Encoding   

  12  0:00  Drone  
  13  0:12  Overlord  
  13  0:17  Drone  
  14  0:31  Drone x2  
  16  0:49  Hatchery  
  15  0:53  Drone  
  15  0:57  Drone  
  17  0:59  Drone  
  18  1:11  Extractor  
  18  1:16  Spawning Pool  
  18  1:18  Drone  
  17  1:24  Drone  
  18  1:37  Drone  
  19  1:43  Overlord  
  19  1:56  Drone  
  20  2:05  Drone  
  20  2:06  Drone  
  22  2:12  Metabolic Boost  
  22  2:15  Hatchery  
  21  2:16  Drone  
  21  2:19  Drone  
  23  2:24  Drone  
  23  2:25  Drone  
  25  2:32  Queen  
  25  2:36  Drone  
  28  2:38  Drone  
  28  2:43  Drone  
  30  2:44  Zergling x2  
  31  2:54  Zergling x2  
  32  2:59  Zergling x2  
  33  3:08  Overlord  
  33  3:09  Overlord  
  33  3:11  Queen  
  35  3:19  Drone  
  36  3:26  Queen  
  38  3:31  Drone  
  38  3:32  Drone x3  
  40  3:38  Queen  
  40  3:40  Spore Crawler x2  
  40  3:41  Drone x3  
  40  3:42  Drone  
  40  3:46  Drone x2  
  46  3:48  Drone x2  
  46  3:50  Drone  
  49  4:01  Drone x3  
  51  4:25  Lair  
  51  4:26  Extractor x2  
  51  4:29  Drone x6  
  51  4:30  Drone x3  
  58  4:36  Hatchery  
  57  4:38  Overlord x3  
  57  4:41  Queen  
  57  4:44  Roach Warren  
  56  4:46  Spore Crawler  
  56  4:48  Spore Crawler  
  52  4:59  Extractor  
  51  5:02  Hatchery, Drone  
  51  5:03  Drone x5  
  51  5:04  Drone x2  
  60  5:07  Overlord  
  60  5:24  Overlord x3  
  60  5:25  Roach x3  
  60  5:26  Roach x2  
  70  5:32  Evolution Chamber  
  69  5:36  Drone x2  
  69  5:37  Roach, Drone  
  69  5:38  Roach  
  76  5:43  Queen  
  76  5:44  Queen  
  76  5:49  Ravager x3  
  83  5:52  Roach x2  
  83  5:55  Roach  
  89  6:05  Roach x3  
  89  6:06  Zergling x8  
  89  6:07  Zergling x4  
  101  6:11  Overseer  
  101  6:14  Roach  
  101  6:15  Roach, Zergling x2  
  101  6:16  Zergling x2  
  107  6:19  Queen  
  109  6:31  Ravager  
  110  6:41  Spire  
  110  6:46  Queen  
  109  6:47  Spore Crawler  
  109  6:49  Overlord  
  109  6:50  Overlord x3  
  104  7:09  Infestation Pit  
  104  7:11  Drone x10  
  104  7:12  Drone x9  
  122  7:19  Zerg Melee Weapons Level 1  
  122  7:22  Drone x4, Extractor  
  125  7:24  Extractor  
  124  7:33  Spore Crawler  
  124  7:36  Spine Crawler x2  
  124  7:37  Drone, Spine Crawler, Extractor  
  122  7:38  Extractor  
  119  7:46  Hive  
  119  7:50  Overseer  
  119  7:53  Corruptor x3  
  125  8:05  Drone x4  
  128  8:06  Drone x2  
  128  8:07  Drone x4  
  135  8:19  Pneumatized Carapace  
  135  8:32  Drone  
  135  8:33  Drone x3  
  135  8:34  Drone  
  140  8:36  Overlord x5  
  140  8:37  Overlord x3  
  140  8:45  Overlord x4  
  140  8:54  Queen  
  142  8:56  Corruptor x6  
  154  9:04  Corruptor x2  
  154  9:05  Corruptor  
  154  9:07  Greater Spire  
  160  9:27  Hatchery  
  159  9:34  Corruptor x6  
  171  9:44  Zerg Ground Armor Level 1  
  171  9:45  Evolution Chamber  
  171  9:49  Corruptor  
  171  9:51  Zergling x10  
  171  9:52  Zergling x12  
  183  9:53  Zergling x2  
  183  9:56  Baneling Nest  
  183  10:12  Zergling x16  
  183  10:13  Zergling x18  
  200  10:26  Brood Lord x2  
  200  10:27  Brood Lord x2  
  165  10:38  Zergling x22  
  140  10:45  Brood Lord x2  
  140  10:47  Zergling x6  
  142  10:54  Zergling x12  
  144  10:59  Brood Lord  
  144  11:03  Zergling x6  
  141  11:14  Zergling x16  
  147  11:22  Corruptor x2  
  148  11:30  Baneling x11  
  148  11:31  Baneling x2  
  148  11:32  Baneling  
  148  11:36  Overlord  
  148  11:39  Baneling x4  
  147  12:00  Corruptor x5  
  152  12:06  Corruptor x2  
  145  12:16  Zergling x14  
  145  12:20  Corruptor  
  140  12:24  Corruptor  
  139  12:32  Brood Lord  
  139  12:34  Corruptor  
  143  12:38  Zergling x6  
  143  12:42  Zerg Melee Weapons Level 2  
  146  12:47  Zergling x2  
  146  12:48  Zergling x6  
  146  12:51  Zergling x4  
  145  13:02  Zergling x6  
  145  13:03  Zergling x12  
  153  13:09  Zergling x8  
  155  13:15  Corruptor  
  155  13:16  Corruptor  
  153  13:23  Overlord x2  
  153  13:26  Corruptor  
  136  13:33  Corruptor  
  123  13:42  Corruptor x3  
  117  13:51  Corruptor x2  
  112  13:58  Corruptor  
  101  14:10  Corruptor  
  101  14:11  Corruptor x3  
  105  14:20  Brood Lord  
  103  14:31  Brood Lord  
  100  14:32  Brood Lord  
  100  14:36  Zergling x14  
  104  14:49  Queen x2  
  106  14:53  Extractor  
  106  14:57  Extractor  
  84  15:28  Infestor x6  
  88  15:42  Spore Crawler x2  
  84  15:44  Spore Crawler  
  84  15:45  Spore Crawler x2  
  84  15:46  Spore Crawler x2  
  67  15:51  Drone x4  
  67  15:56  Queen  
  71  15:58  Spore Crawler  
  71  16:01  Spore Crawler  
  71  16:02  Spore Crawler x2  
  71  16:03  Spore Crawler  
  68  16:09  Burrow  
  68  16:46  Lair  
  68  16:53  Hatchery, Spore Crawler  
  62  17:01  Spore Crawler  
  62  17:03  Spore Crawler  
  62  17:05  Spore Crawler  
  52  17:19  Spore Crawler  
  52  17:21  Spore Crawler  
  40  17:39  Spine Crawler x2  
  40  17:40  Spore Crawler  
  40  17:42  Spore Crawler  
  40  17:43  Spore Crawler, Spine Crawler  
  34  17:56  Zergling x20  
  34  17:57  Zergling x2  
  45  18:07  Queen  
  47  18:25  Queen x2  
  50  18:39  Spore Crawler  
  39  18:51  Spore Crawler x2  
  39  18:52  Spore Crawler x2  
  34  19:05  Extractor  
  34  19:06  Extractor  
Tags
 
Add a new tag
Caveats
  • Supply blocks, unpowered buildings, or Contaminate may cause inaccurate times.
  • Supply counts are checked every 10 seconds.